 Dungeon Crawl Stone Soup version 0.31.0-32-g396128a36d (webtiles) character file.

Game seed: 10283369689051927860

88 PaiMei the Grave Robber (level 4, 0/32 HPs)
             Began as a Demonspawn Necromancer on Apr 5, 2024.
             Killed from afar by an orc wizard (8 damage)
             ... with a puff of flame
             ... on level 3 of the Dungeon.
             The game lasted 00:02:42 (1963 turns).

PaiMei the Grave Robber (Demonspawn Necromancer)    Turns: 1963, Time: 00:02:42

Health: 0/32       AC:  2    Str:  8    XL:     4   Next: 30%
Magic:  4/8        EV: 12    Int: 17    God:
Gold:   97         SH:  4    Dex: 14    Spells: 4/8 levels left

rFire   . . .        l - +0 hand axe
rCold   . . .        k - +0 buckler
rNeg    + . .        a - +0 robe
rPois   .            (no helmet)
rElec   .            (no cloak)
rCorr   .            (no gloves)
SInv    +            (no boots)
Will    .....        (no amulet)
Stlth   ++           d - ring of see invisible
HPRegen 0.25/turn    i - ring of positive energy
MPRegen 0.11/turn

%: no passive effects
@: no status effects
A: claws 1
a: no special abilities


You were on level 3 of the Dungeon.
You visited 1 branch of the dungeon, and saw 3 of its levels.

You collected 97 gold pieces.

Inventory:

Hand Weapons
 l - a +0 hand axe (weapon)
Armour
 a - a +0 robe (worn)
 k - a +0 buckler (worn)
Jewellery
 d - a ring of see invisible (left claw)
 i - a ring of positive energy (right claw)
Scrolls
 e - a scroll of poison {unknown}
 g - a scroll of butterflies {unknown}
 m - a scroll of revelation {unknown}
 o - 2 scrolls of identify {unknown}
Potions
 b - a potion of magic
 c - a potion of enlightenment {unknown}
 f - 3 potions of heal wounds {unknown}
 h - a potion of might {unknown}
 j - 3 potions of degeneration {unknown}
 n - a potion of haste {unknown}


   Skills:
 + Level 1.5 Fighting
 + Level 2.5 Dodging
 - Level 2.0 Stealth
 + Level 2.7 Spellcasting
 + Level 4.9 Necromancy


You had 4 spell levels left.
You knew the following spells:

 Your Spells              Type           Power      Damage    Failure   Level
a - Necrotise             Necr           76%        1d7       3%          1
b - Vampiric Draining     Necr           19%        2d7       11%         3

Your spell library contained the following spells:

 Spells                   Type           Power      Damage    Failure   Level
 Summon Small Mammal      Summ           8%         N/A       28%         1
 Animate Dead             Necr           19%        N/A       36%         4
 Call Canine Familiar     Summ           2%         N/A       65%         3
 Tukima's Dance           Hex            2%         N/A       65%         3
 Dimensional Bullseye     Hex/Tloc       1%         N/A       96%         4
 Iskenderun's Mystic Bla  Conj/Tloc      2%         2d3       96%         4
 Summon Blazeheart Golem  Fire/Summ      2%         N/A       96%         4
 Curse of Agony           Necr           19%        N/A       71%         5


Dungeon Overview and Level Annotations

Branches:
Dungeon (2/15)

Altars:

Shops:
D:2 [

Annotations:
D:3 1 runed translucent door, jimmypageman's ghost, weakling MiFi


Innate Abilities, Weirdness & Mutations

You have sharp fingernails.


Message History

Ouch! That really hurt!
* * * LOW HITPOINT WARNING * * *
You hit the orc priest but do no damage.
The orc priest is almost dead.
The orc priest looks satisfied for a moment.
The orc priest looks braver for a moment.
You barely miss the orc priest.
The orc priest is almost dead.
The orc priest hits you with a +0 short sword.
* * * LOW HITPOINT WARNING * * *
Casting: Necrotise (safe; 4% risk of failure)
Confirm with . or Enter, or press ? or * to list all spells.
Aiming: Necrotise (safe; 4% risk of failure)
Press: ? - help, Shift-Dir - straight line, f/p - orc priest
Aim: an orc priest, wielding a +0 short sword (almost dead, chance to affect: 76%)
The orc priest writhes in agony.
You kill the orc priest!
The dead are walking!
You have reached level 4!
You feel agile.
You swap places.
The orc wizard hits your orc priest skeleton with a +1 dagger of freezing.
The orc hits your orc priest skeleton with a +0 dagger.
Your orc priest skeleton crumbles into dust!
A kobold comes into view. It is wielding a +0 dagger.
The kobold shouts!
The kobold hits you with a +0 dagger.
* * * LOW HITPOINT WARNING * * *
The kobold attacks as it pursues you! The kobold hits you with a +0 dagger.
* * * LOW HITPOINT WARNING * * *
Found a sedimented grey potion.
The kobold throws a stone.
You block the stone.
An adder and a goblin come into view.
Found a scroll labelled ZIYBIM ZIGOLU.
Found a runed translucent door.
The adder hisses angrily.
The goblin shouts!
The kobold throws a stone.
The stone barely misses you.
Jimmypageman's ghost turns its malevolent gaze towards you.
The orc wizard points at you and mumbles some strange words.
The puff of flame hits you!
You die...

#.....##.##...#
#.o...##..
##...#
#.....####.
##.# #....o# ##
. #.....+
##.K..# ###.
#....# .g..
#....##..#..#
#....@S....#
####.........
#...###...#
....##⌠##...
#...##...##..
....##..!..##.
#.#..+..W♣..⌠#.
#.#..##..?..##.


You could see an orc wizard, jimmypageman's ghost, an adder, an orc, a goblin
and a kobold.

Vanquished Creatures
  An orc priest (D:3)
  An adder (D:3)
  3 dart slugs (D:1)
  A ribbon worm (D:2)
  A ball python (D:1)
  A bat (D:1)
  2 endoplasms (D:1)
  2 giant cockroaches
  4 goblins
  3 hobgoblins (D:1)
  3 quokkas
  A frilled lizard (D:3)
  2 kobolds (D:1)
  3 rats
28 creatures vanquished.

Vanquished Creatures (collateral kills)
  An adder (D:3)
  A dart slug (D:3)
2 creatures vanquished.

Grand Total: 30 creatures vanquished

Notes
Turn   | Place    | Note
-------+----------+-------------------------------------------
     0 | D:1      | PaiMei the Demonspawn Necromancer began the quest for the
                  | Orb.
     0 | D:1      | Reached XP level 1. HP: 13/13 MP: 3/3
   563 | D:1      | Gained mutation: You have sharp fingernails. [demonic
                  | ancestry]
   563 | D:1      | Reached XP level 2. HP: 19/19 MP: 1/5
  1411 | D:2      | Reached XP level 3. HP: 25/25 MP: 4/6
  1415 | D:2      | Learned a level 3 spell: Vampiric Draining
  1734 | D:2      | Found Qaugalua's Antique Armour Shop.
  1753 | D:2      | You fall into a shaft and drop 1 floor!
  1779 | D:3      | Reached skill level 1 in Fighting
  1926 | D:3      | Reached XP level 4. HP: 3/32 MP: 0/8
  1961 | D:3      | Noticed jimmypageman's ghost (weakling MiFi)
  1962 | D:3      | Found a runed translucent door.
  1963 | D:3      | Killed from afar by an orc wizard

Illustrated notes

Levels and vault maps discovered:
D:1:      nicolae_arrival_memento_mori, layout_basic, serial_aquarium,
          aquarium_bridge_island_small [aquarium_subvault_small_open,
          aquarium_subvault_bridge, aquarium_subvault_wall,
          aquarium_subvault_bridge, aquarium_subvault_wall],
          aquarium_bridge_long_joined [aquarium_subvault_wall,
          aquarium_subvault_window, aquarium_subvault_bridge,
          aquarium_subvault_bridge, aquarium_subvault_wall,
          aquarium_subvault_bridge], aquarium_window_fake,
          aquarium_window_corridor_1, aquarium_window_2, aquarium_view_2c,
          aquarium_view_4
D:2:      layout_basic, serial_shops, shop
D:3:      layout_basic, overflow_temple_1_default,
          hellmonk_ghost_happy_afterlife

Skill      XL: |  1  2  3 |
---------------+----------+-----
Dodging        | 2 |  2.5
Stealth        | 2 |  2.0
Fighting       | 1 |  1.5
Spellcasting   | |  2.7
Necromancy     | |  4.9

Action                     |  1- 3 |  4- 6 || total
---------------------------+-------+-------++-------
  Melee: Dagger            |     2 |       ||     2
         Hand axe          |    10 |       ||    10
   Cast: Necrotise         |    68 |       ||    68
 Armour: Robe              |     6 |     3 ||     9
  Dodge: Dodged            |    19 |     1 ||    20
  Block: Buckler           |     5 |     1 ||     6
